 Dungeon Crawl Stone Soup version 0.14-b1-56-gbadd701 (webtiles) character file.

148 Heini the Skirmisher (level 4, -4/40 HPs)
             Began as a Hill Orc Fighter on Apr 10, 2014.
             Killed by divine providence
             ... invoked by an orc priest
              (16 damage)
             ... on Level 3 of the Dungeon.
             The game lasted 00:06:21 (1598 turns).

Heini the Skirmisher (Hill Orc Fighter)             Turns: 1598, Time: 00:06:21

HP  -4/40        AC  9     Str 19      XL: 4   Next: 71%
MP   4/4         EV  6     Int  8      God:
Gold 50          SH 19     Dex 10      Spells:  0 memorised,  3 levels left

rFire  . . .     SeeInvis .     a - +0 war axe
rCold  . . .     Clarity  .     b - +0 scale mail
rNeg   . . .     Conserve .     q - +1 shield
rPois  .         rCorr    .     (no helmet)
rElec  .         rRot     .     h - +0 cloak
SustAb . .       Spirit   .     g - +0 pair of gloves
rMut   .         Warding  .     (no boots)
Saprov + . .     Stasis   .     (no amulet)
MR     .....                    (no ring)
                                (no ring)

@: not resistant to hostile enchantments, extremely unstealthy
A: saprovore 1
a: Convert to Beogh


You were on level 3 of the Dungeon.
You were not hungry.

You visited 1 branch of the dungeon, and saw 3 of its levels.

You collected 50 gold pieces.

Inventory:

Hand weapons
 a - a +0,+0 war axe (weapon)
Armour
 b - a +0 scale mail (worn)
 g - a +0 pair of gloves (worn)
 h - a +0 cloak (worn)
 q - a +1 shield (worn)
 v - a +0 pair of gloves
Magical devices
 w - a wand of confusion (11) {unknown}
Comestibles
 d - 3 meat rations
Scrolls
 i - a scroll of remove curse
 k - a scroll of fog {unknown}
 l - a scroll of amnesia
 m - a scroll of blinking {unknown}
 o - a scroll of random uselessness {unknown}
 p - 3 scrolls of identify {unknown}
 r - a scroll of magic mapping {unknown}
Potions
 c - a potion of poison {unknown}
 e - a potion of might
 f - 2 potions of restore abilities {unknown}
 j - a potion of curing {unknown}
 n - 2 potions of agility {unknown}
 s - a potion of invisibility {unknown}
 t - 2 potions of lignification {unknown}
 u - a potion of haste {unknown}
 x - a potion of cure mutation {unknown}


   Skills:
 * Level 4.2 Fighting
 * Level 4.0 Axes
 * Level 4.2 Armour
 + Level 1.0 Dodging
 - Level 3.4 Shields


You had 3 spell levels left.
You didn't know any spells.

Dungeon Overview and Level Annotations

Branches:
Dungeon (3/15)

Altars:


Innate Abilities, Weirdness & Mutations

You can tolerate rotten meat.


Message History

You barely miss the orc priest.
The orc priest shouts, "Join the one true god or die!"
The kobold barely misses you. The orc priest barely misses you.
You hit the kobold.
You kill the kobold!
You closely miss the orc priest.
The orc priest invokes the aid of Beogh against you.
You barely resist. You barely miss the orc priest.
The orc priest shouts, "Join the one true god or die!"
The orc priest shouts, "Surrender to Beogh and we'll let you live!"
The orc priest hits you with a flail.
* * * LOW HITPOINT WARNING * * *
You block the orc priest's attack.
You slash the orc priest!
The orc priest shouts, "Join the one true god or die!"
The orc priest is severely wounded.
The orc priest mumbles some strange prayers to Beogh against you.
Something smites you!
You die...

..........o.....#####..#
....................<..####
.........................
#........#########...... .
#.....>..# #..#### ...
#........# #..# ....#
#......$.# #..#
....######.....o).####### #..#
................@........ ...#
.............................#
.............###########
##..#### .............#
#...... .............# ......
.............# #..####
.............# #..#
.............# #..#
.............# #..#


You could see 2 orc priests.

Vanquished Creatures
  5 adders (D:2)
  An inept feature mimic (D:2)
  An ooze (D:2)
  An orc (D:3)
  2 giant cockroaches (D:1)
  2 goblins
  8 hobgoblins
  A quokka (D:2)
  A ball python (D:2)
  7 bats
  3 giant geckos
  3 giant newts
  6 kobolds
  3 rats
44 creatures vanquished.

Notes
Turn   | Place    | Note
--------------------------------------------------------------
     0 | D:1      | Heini, the Hill Orc Fighter, began the quest for the Orb.
     0 | D:1      | Reached XP level 1. HP: 19/19 MP: 1/1
   325 | D:1      | Reached XP level 2. HP: 26/26 MP: 2/2
   697 | D:2      | Reached XP level 3. HP: 23/33 MP: 3/3
   904 | D:2      | Reached skill level 4 in Armour
   964 | D:2      | Reached XP level 4. HP: 23/40 MP: 4/4
   983 | D:2      | Reached skill level 1 in Dodging
  1598 | D:3      | Killed from afar by an orc priest

Action                   |  1- 3 |  4- 6 || total
-------------------------+-------+-------++-------
Melee: War axe           |   137 |    46 ||   183
  Use: Scroll            |     2 |       ||     2
